[Event "Team 45 45 League T54"]
[Site "Internet Chess Club"]
[Date "2012.09.14"]
[Round "5"]
[White "Moondog"]
[Black "primerpaso"]
[Result "1/2-1/2"]
[WhiteElo "1754"]
[BlackElo "1926"]
[Opening "Catalan: closed, 6...Nbd7"]
[ECO "E07"]
[Time "19:03:42"]
[TimeControl "2700+45"]

1. d4 Nf6 2. c4 e6 3. g3 d5 4. Bg2 Be7 5. Nf3 O-O 6. O-O Nbd7 7. b3 c6 8. Bb2 b6
9. Nbd2 Bb7 10. Qc2 Rc8 11. e4 dxe4 12. Nxe4 c5 13. Nfg5 Nxe4 14. Nxe4 cxd4 15.
Bxd4 Qc7 16. Rad1 Nc5 17. Bxc5 bxc5 18. Rfe1 Rfd8 19. Rxd8+ Rxd8 20. Rd1 Rd4 21.
Rxd4 cxd4 22. Qd3 f5 23. Nd2 Bf6 24. Nf3 Be4 25. Qd1 e5 26. Ne1 Bxg2 27. Kxg2 e4
28. Nc2 Qe5 29. Nb4 f4 30. gxf4 Qxf4 31. Nd5 Qg5+ 32. Kh1 Be5 33. Qg1 Qh5 34. b4
Kf7 35. b5 Bd6 36. Qg2 g5 37. h3 Qe2 38. Kg1 h6 39. Qg4 Qxg4+ 40. hxg4 Ke6 41.
Kf1 Be5 42. Ke2 Kd6 43. Nb4 d3+ 44. Kd1 Bd4 45. f3 Kc5 46. Na6+ Kd6 47. fxe4 Be3
48. c5+ Bxc5 49. Nxc5 Kxc5 50. Kd2 Kd4 51. e5 Kxe5 52. Kxd3 Kf4 53. a4 Kxg4 54.
a5 Kh3 55. b6 axb6 56. axb6 g4 57. b7 g3 58. b8=Q g2 59. Qc8+ Kh2 60. Qh8 g1=Q
61. Qxh6+ {Game drawn by mutual agreement} 1/2-1/2

[Event "Team 45 45 League T54"]
[Site "Internet Chess Club"]
[Date "2012.09.16"]
[Round "5"]
[White "frank001"]
[Black "Constrictor"]
[Result "1-0"]
[WhiteElo "1767"]
[BlackElo "1745"]
[Opening "Dunst (Sleipner, Heinrichsen) opening"]
[ECO "A00"]
[Time "22:04:54"]
[TimeControl "2700+45"]

1. Nc3 d5 2. e4 d4 3. Nce2 e5 4. Ng3 Be6 5. Nf3 Nd7 6. c3 c5 7. Bb5 Bd6 8. b4
Qc7 9. bxc5 Qxc5 10. Bxd7+ Bxd7 11. cxd4 exd4 12. Bb2 Be5 13. Rc1 Qd6 14. O-O
Nf6 15. Qb3 Bc6 16. d3 O-O 17. Ba3 Qc7 18. Bxf8 Rxf8 19. Nf5 Rd8 20. Qc4 Ng4 21.
g3 g6 22. N5xd4 Bxg3 23. hxg3 Ne3 24. fxe3 Qxg3+ 25. Kh1 Rxd4 26. Qxd4 {Black
resigns} 1-0

[Event "Team 45 45 League T54"]
[Site "Internet Chess Club"]
[Date "2012.09.17"]
[Round "5"]
[White "ghostfire"]
[Black "FlyingTiger"]
[Result "0-1"]
[WhiteElo "1765"]
[BlackElo "1745"]
[Opening "Sicilian: accelerated fianchetto, Maróczy bind"]
[ECO "B36"]
[Time "20:01:18"]
[TimeControl "2700+45"]

1. e4 c5 2. Nf3 g6 3. d4 cxd4 4. Nxd4 Nc6 5. c4 Nf6 6. Nc3 d6 7. Be3 Ng4 8. Nxc6
Nxe3 9. Nxd8 Nxd1 10. Rxd1 Kxd8 11. c5 Be6 12. cxd6 exd6 13. e5 a6 14. exd6 Kd7
15. Be2 Bg7 16. O-O Bxc3 17. bxc3 Rhc8 18. c4 Bxc4 19. Bxc4 Rxc4 20. Rfe1 Re8
21. Rxe8 Kxe8 22. f3 Kd7 23. Kf1 Rc6 24. Rb1 b5 25. a4 Rb6 26. axb5 axb5 27. Ke2
Kxd6 28. Kd3 Kd5 29. Rb4 f5 30. g4 fxg4 31. fxg4 g5 32. h3 h6 33. Kc3 Rc6+ 34.
Kd3 Kc5 35. Re4 Kb6 36. Re8 Ka5 37. Ra8+ Kb4 38. Ke4 Kc4 39. Ra1 b4 40. Ke3 b3
41. Rb1 Kb4 42. Kd2 Ka3 43. Ra1+ Kb2 44. Ra5 Rd6+ 45. Ke1 Kb1 46. Rc5 b2 47. Kf2
Ra6 48. Ke2 Ka1 {White resigns} 0-1

[Event "Team 45 45 League T54"]
[Site "Internet Chess Club"]
[Date "2012.09.16"]
[Round "5"]
[White "Portola"]
[Black "Egmont"]
[Result "0-1"]
[WhiteElo "1671"]
[BlackElo "1772"]
[Opening "Queen's bishop game"]
[ECO "D02"]
[Time "09:01:52"]
[TimeControl "2700+45"]

1. d4 d5 2. Nf3 Nf6 3. Bf4 Bf5 4. h3 c6 5. c3 e6 6. e3 Bd6 7. Bxd6 Qxd6 8. Bd3
Bxd3 9. Qxd3 Nbd7 10. Nbd2 O-O 11. O-O e5 12. dxe5 Nxe5 13. Nxe5 Qxe5 14. Nf3
Qc7 15. Qf5 Rfe8 16. a4 Re4 17. a5 Rae8 18. Rfd1 h6 19. Rd4 Rxd4 20. cxd4 Ne4
21. b4 a6 22. Rc1 Re6 23. Rc2 Qe7 24. Qg4 Qxb4 25. Nh4 Qb1+ 26. Kh2 Qxc2 27. Nf5
Rg6 28. Ne7+ Kh7 29. Qc8 Rxg2+ 30. Kh1 Rg1+ {White resigns} 0-1

[Event "Team 45 45 League T54"]
[Site "Internet Chess Club"]
[Date "2012.09.16"]
[Round "5"]
[White "TerryMalloy"]
[Black "Epcot"]
[Result "1/2-1/2"]
[WhiteElo "1970"]
[BlackElo "1999"]
[Opening "French: Tarrasch"]
[ECO "C03"]
[Time "10:58:24"]
[TimeControl "2700+45"]

1. e4 e6 2. d4 d5 3. Nd2 Be7 4. Bd3 c5 5. dxc5 Nf6 6. Qe2 O-O 7. Ngf3 a5 8. O-O
Na6 9. e5 Nd7 10. c4 Ndxc5 11. Bb1 dxc4 12. Nxc4 Qc7 13. Bf4 Nb4 14. Rc1 Nd5 15.
Bg3 Bd7 {Game drawn by mutual agreement} 1/2-1/2

[Event "Team 45 45 League T54"]
[Site "Internet Chess Club"]
[Date "2012.09.15"]
[Round "5"]
[White "SolaFide"]
[Black "JeremyWa"]
[Result "1-0"]
[WhiteElo "1811"]
[BlackElo "1694"]
[Opening "Scandinavian (center counter) defense"]
[ECO "B01"]
[Time "16:02:26"]
[TimeControl "2700+45"]

1. e4 d5 2. exd5 Qxd5 3. Nf3 Bg4 4. Be2 Nc6 5. d4 O-O-O 6. Be3 e5 7. c4 Qe4 8.
Nc3 Bb4 9. O-O Bxc3 10. bxc3 exd4 11. cxd4 Nxd4 12. Bxd4 Bxf3 13. Bxf3 Qxd4 14.
Bxb7+ Kxb7 15. Qf3+ Kc8 16. Qa8+ Kd7 17. Qf3 Qf6 18. Rad1+ Ke8 19. Rfe1+ Ne7 20.
Rxd8+ Kxd8 21. Rd1+ {Black resigns} 1-0

[Event "Team 45 45 League T54"]
[Site "Internet Chess Club"]
[Date "2012.09.17"]
[Round "5"]
[White "losscause"]
[Black "mongmong"]
[Result "1/2-1/2"]
[WhiteElo "1648"]
[BlackElo "1623"]
[Opening "Neo-Indian (Seirawan) attack"]
[ECO "E00"]
[Time "19:04:14"]
[TimeControl "2700+45"]

1. d4 e6 2. c4 Nf6 3. Bg5 h6 4. Bxf6 Qxf6 5. Nf3 Bb4+ 6. Nbd2 c5 7. a3 Ba5 8. e3
Nc6 9. Be2 cxd4 10. b4 Bc7 11. Ne4 Qd8 12. exd4 d5 13. Nc3 Ne7 14. c5 O-O 15.
O-O Nf5 16. Bd3 Qf6 17. Ne2 Nh4 18. Nxh4 Qxh4 19. Ng3 Bd7 20. b5 Ba5 21. Rc1 g6
22. f4 f5 23. a4 Bc7 24. Qf3 Qf6 25. Ne2 g5 26. Qe3 Kg7 27. Rf3 Rh8 28. g4 fxg4
29. Rff1 gxf4 30. Nxf4 Qh4 31. Rc2 Raf8 32. Rff2 Rf6 33. Kf1 Rhf8 34. Qg3 Qxg3
35. Nh5+ Kh8 36. hxg3 Rf3 37. Rxf3 Rxf3+ 38. Ke2 Rf8 39. Rc1 Be8 40. Rh1 Bxh5
41. Rxh5 Rf6 42. Rh1 Kg7 43. Rf1 Bxg3 44. Rg1 Rf3 45. c6 bxc6 46. bxc6 h5 47.
Rxg3 Rxg3 48. c7 h4 49. c8=Q Rg2+ 50. Kf1 h3 51. Qd7+ Kf6 52. Qe8 g3 53. Qf8+
Kg5 54. Qg7+ Kf4 55. Qe5+ Kg4 56. Qxe6+ Kh4 57. Qh6+ Kg4 58. Qg6+ Kf4 59. Qh6+
Kg4 60. Qg6+ Kf4 61. Qh6+ Kg4 {Game drawn by repetition} 1/2-1/2

[Event "Team 45 45 League T54"]
[Site "Internet Chess Club"]
[Date "2012.09.14"]
[Round "5"]
[White "Achelous"]
[Black "bondguy01"]
[Result "0-1"]
[WhiteElo "1739"]
[BlackElo "1660"]
[Opening "QGD: classical variation (5.Bf4)"]
[ECO "D37"]
[Time "20:00:50"]
[TimeControl "2700+45"]

1. d4 Nf6 2. Nf3 e6 3. c4 d5 4. Nc3 Be7 5. Bf4 O-O 6. e3 Nbd7 7. Bd3 dxc4 8.
Bxc4 Nb6 9. Bd3 Nbd5 10. Bg3 c5 11. Rc1 cxd4 12. Nxd4 a6 13. O-O Bd7 14. Nxd5
Nxd5 15. Qh5 h6 16. Rfd1 Qb6 17. e4 Nf6 18. Qe5 Rac8 19. Nf5 Bc5 20. Nxh6+ gxh6
21. Qxf6 e5 22. Bxe5 Qxf6 23. Bxf6 Bg4 24. Re1 Rc6 25. e5 Rfc8 26. Rb1 Be6 27.
b3 Bb4 28. Red1 Ba3 29. Be4 R6c7 30. Rd8+ Rxd8 31. Bxd8 Rd7 32. Bf6 Bb2 33. h3
Ba3 34. Bf3 b6 35. Rd1 Rc7 36. Bd8 Rc2 37. Bxb6 Rxa2 38. Be3 Kg7 39. Bd5 Bf5 40.
Bc4 a5 41. Rd5 Bb4 42. Bd4 Be6 43. Rb5 Rd2 44. Be3 Rd1+ 45. Kh2 h5 46. Bxe6 fxe6
47. Kg3 Rb1 48. Bb6 Rxb3+ 49. Kh4 Be7+ 50. Kxh5 Rxb5 51. Bxa5 Rxa5 52. f4 {White
resigns} 0-1

[Event "Team 45 45 League T54"]
[Site "Internet Chess Club"]
[Date "2012.09.18"]
[Round "5"]
[White "HomerSimpson"]
[Black "kidviper"]
[Result "0-1"]
[WhiteElo "2117"]
[BlackElo "2032"]
[Opening "Polish (Sokolsky) opening"]
[ECO "A00"]
[Time "18:56:01"]
[TimeControl "2700+45"]

1. b4 d5 2. Bb2 Nf6 3. Nf3 Bg4 4. Ne5 Bh5 5. c4 e6 6. Qb3 Bd6 7. e3 O-O 8. d4
Qe7 9. a3 a5 10. b5 c5 11. Nd2 Nbd7 12. Bd3 Nb6 13. O-O dxc4 14. Ndxc4 Nxc4 15.
Bxc4 Ne4 16. Bd3 Nd2 17. Bxh7+ Kh8 18. Qc2 Nxf1 19. Rxf1 Bxe5 20. dxe5 g6 21. h3
Kxh7 22. g4 Bxg4 23. hxg4 Qh4 24. Qe4 Rad8 25. Kg2 Kg7 26. Rh1 Qg5 27. Kg3 Rh8
28. f4 Qe7 29. g5 Rxh1 30. Qxh1 Rh8 31. Qe1 Qd8 32. Qc3 b6 33. Qc2 Rh1 34. Qg2
Qh8 35. Bc3 Qh4+ 36. Kf3 Rh2 37. Qg1 Qh3+ 38. Ke4 Qf5+ 39. Kf3 Qh3+ 40. Ke4 Qg2+
41. Qxg2 Rxg2 42. Kd3 Ra2 43. e4 Rxa3 44. f5 gxf5 45. exf5 exf5 46. e6+ Rxc3+
47. Kxc3 fxe6 {White resigns} 0-1

[Event "Team 45 45 League T54"]
[Site "Internet Chess Club"]
[Date "2012.09.16"]
[Round "5"]
[White "hewdondada"]
[Black "alexdb"]
[Result "0-1"]
[WhiteElo "1818"]
[BlackElo "1865"]
[Opening "Trompowsky attack (Ruth, Opocenský opening)"]
[ECO "A45"]
[Time "19:55:02"]
[TimeControl "2700+45"]

1. d4 Nf6 2. Bg5 d5 3. c4 Ne4 4. Bh4 g5 5. Bg3 e5 6. Bxe5 f6 7. Bg3 Bb4+ 8. Nc3
Nxc3 9. Qd2 Nxa2 10. Rxa2 Bxd2+ 11. Kxd2 dxc4 12. e3 h5 13. h3 h4 14. Bh2 Qe7
15. Ne2 Qb4+ 16. Nc3 Bf5 17. Be2 Nc6 18. Rha1 Na5 19. Bd1 Nb3+ 20. Bxb3 Qxb3 21.
e4 Bxe4 22. Nxe4 Qd3+ 23. Ke1 Qxe4+ 24. Kf1 Qd3+ 25. Kg1 Qxd4 26. Re1+ Kf7 27.
Raa1 Rhe8 28. Rad1 Rxe1+ {White resigns} 0-1

[Event "Team 45 45 League T54"]
[Site "Internet Chess Club"]
[Date "2012.09.15"]
[Round "5"]
[White "IshanR"]
[Black "toukon"]
[Result "1-0"]
[WhiteElo "1882"]
[BlackElo "1741"]
[Opening "Blackmar gambit"]
[ECO "D00"]
[Time "21:03:39"]
[TimeControl "2700+45"]

1. d4 d5 2. e4 dxe4 3. Nc3 Nf6 4. f3 exf3 5. Nxf3 Bg4 6. Bc4 e6 7. Bg5 Bb4 8.
O-O O-O 9. Bxf6 Qxf6 10. Ne4 Qd8 11. c3 Be7 12. Qe1 Nd7 13. Ng3 Nf6 14. Ne5 h5
15. h3 h4 16. hxg4 hxg3 17. g5 Nd5 18. g6 fxg6 19. Qxg3 Rxf1+ 20. Rxf1 g5 21.
Qh3 Qc8 22. Bd3 Bf6 23. Qh5 Qe8 24. Bg6 {Black resigns} 1-0

[Event "Team 45 45 League T54"]
[Site "Internet Chess Club"]
[Date "2012.09.15"]
[Round "5"]
[White "kidcobra"]
[Black "ice-cream"]
[Result "1-0"]
[WhiteElo "1769"]
[BlackElo "1756"]
[Opening "Sicilian"]
[ECO "B56"]
[Time "18:03:33"]
[TimeControl "2700+45"]

1. e4 c5 2. Nf3 Nc6 3. d4 cxd4 4. Nxd4 Nf6 5. Nc3 d6 6. Be3 Ng4 7. Nxc6 Nxe3 8.
Nxd8 Nxd1 9. Rxd1 Kxd8 10. Bc4 e6 11. O-O Be7 12. Rd2 Kc7 13. Rfd1 a6 14. a4 Bd7
15. e5 d5 16. Bxd5 exd5 17. Nxd5+ Kd8 18. Nxe7 Kxe7 19. Rxd7+ Ke6 20. f4 b5 21.
g4 {Black resigns} 1-0